 Dungeon Crawl Stone Soup version 0.27.1-35-g4d5d836560 (webtiles) character file.

Game seed: 14141894542519182782

625 Delamore the Covert (level 7, 0/45 HPs)
             Began as an Octopode Brigand on Apr 22, 2022.
             Slain by Edmund (8 damage)
             ... on level 5 of the Dungeon.
             The game lasted 00:04:31 (4954 turns).

Delamore the Covert (Octopode Brigand)              Turns: 4954, Time: 00:04:32

Health: 0/45       AC:  5    Str: 10    XL:     7   Next: 47%
Magic:  16/16      EV: 12    Int: 14    God:
Gold:   184        SH:  0    Dex: 15    Spells: 6/6 levels left

rFire    . . .     SeeInvis .   a - +2 dagger
rCold    . . .     Faith    .   (no shield)
rNeg     . . .     Spirit   .   (helmet restricted)
rPois    .         Reflect  .   (no amulet)
rElec    .         Harm     .   d - +4 ring of protection
rCorr    .         Rampage  .   e - ring of magical power
Will     .....                  (no ring)
Stlth    +++++.....             (no ring)
HPRegen  0.15/turn              (no ring)
MPRegen  0.15/turn              (no ring)
                                (no ring)
                                (no ring)

@: hasted, very quick
A: almost no armour, amphibious, 8 rings, camouflage 1, gelatinous body 1,
(nimble swimmer 1), tentacles
a: no special abilities


You were on level 5 of the Dungeon.
You visited 1 branch of the dungeon, and saw 5 of its levels.

You collected 184 gold pieces.

Inventory:

Hand Weapons
 a - a +2 dagger (weapon)
Missiles
 b - 24 poisoned darts (quivered)
Armour
 k - a +0 tower shield
Jewellery
 d - a +4 ring of protection (left tentacle)
 e - a ring of magical power (right tentacle)
 l - a ring of ice
Wands
 j - a wand of flame (19)
Scrolls
 g - a scroll of vulnerability {unknown}
 h - a scroll of teleportation {unknown}
 m - a scroll of enchant weapon {unknown}
 n - a scroll of fog {unknown}
 r - a scroll of noise {unknown}
 s - a scroll of silence {unknown}
 t - 3 scrolls of immolation {unknown}
Potions
 f - a potion of mutation {unknown}
 o - a potion of flight {unknown}
 p - a potion of lignification {unknown}
 q - a potion of berserk rage {unknown}


   Skills:
 - Level 2.0 Fighting
 * Level 5.8 Short Blades
 - Level 2.0 Throwing
 - Level 1.0 Dodging
 + Level 9.6 Stealth


You had 6 spell levels left.
You didn't know any spells.
Your spell library contained the following spells:

 Spells                   Type           Power      Damage    Failure   Level
 Magic Dart               Conj           0%         1d3       28%         1
 Sandblast                Erth           0%         2d4       28%         1
 Call Imp                 Summ           0%         N/A       41%         2
 Passwall                 Tmut/Erth      0%         N/A       41%         2
 Mephitic Cloud           Conj/Pois/Air  0%         N/A       65%         3
 Lee's Rapid Deconstruct  Erth           0%         3d5*      100%        5


Dungeon Overview and Level Annotations

Branches:
Dungeon (5/15)
 Temple: D:4-7

Altars:

Shops:
D:1 =!=   D:3 [

Annotations:
D:4 2 transporters, Ijustatesigmund's ghost, novice GrFi
D:5 Edmund


Innate Abilities, Weirdness & Mutations

You cannot wear most types of armour.
You are amphibious.
You can wear up to eight rings at the same time.
Your skin changes colour to match your surroundings (Stealth+).
Your rubbery body absorbs attacks. (AC +1, EV +1)
((You are camouflaged near water. (Stealth+)))
You have tentacles for arms and can constrict up to eight enemies at once.


Message History

You constrict Edmund. Edmund completely misses you.
You hit Edmund but do no damage. You squeeze Edmund!
Edmund is moderately wounded.
You constrict Edmund, but do no damage. Edmund barely misses you.
You hit Edmund but do no damage. You squeeze Edmund.
Edmund is heavily wounded.
You constrict Edmund, but do no damage.
Edmund hits you with a +2 dire flail of protection.
You hit Edmund but do no damage.
Edmund is heavily wounded.
You constrict Edmund. You hit Edmund.
Edmund is heavily wounded.
You constrict Edmund, but do no damage. Edmund closely misses you.
You hit Edmund but do no damage.
Edmund is heavily wounded.
You constrict Edmund.
Edmund hits you with a +2 dire flail of protection!
You hit Edmund but do no damage.
Edmund is heavily wounded.
You constrict Edmund.
Okay, then.
Okay, then.
You hit Edmund but do no damage.
Edmund is severely wounded.
You constrict Edmund.
Edmund hits you with a +2 dire flail of protection.
* * * LOW HITPOINT WARNING * * *
You hit Edmund but do no damage. You squeeze Edmund!
Edmund is almost dead.
You constrict Edmund, but do no damage. Edmund closely misses you.
You feel yourself speed up.
You constrict Edmund. Edmund barely misses you.
You hit Edmund.
Edmund is almost dead.
You constrict Edmund. You hit Edmund. Your squeeze misses Edmund.
Edmund is almost dead.
You constrict Edmund, but do no damage.
Edmund hits you with a +2 dire flail of protection!
You die...

#.#.# #.... #.#.#
#.#[# #.#.#
#.#.#######.#
##.#.#........
#......#####..#
#.@#.##.......##.#
#.@.....#####.##.#
#(##.#### #.## #<
#.# #.## #. #.#
..## #.
#.###########.##
..
#.#...........##
##
#.#.#########.##
#..[.........#..


You could see Edmund.

Vanquished Creatures
  A necrophage (D:3)
  A scorpion (D:5)
  A howler monkey (D:4)
  A bullfrog zombie (D:5)
  3 hounds
  Crazy Yiuf (D:2)
  An orc priest (D:5)
  Terence (D:2)
  Natasha (thrice) (D:2)
  An orc wizard (D:4)
  4 adders
  2 worms
  A dart slug (D:2)
  6 orcs
  2 ball pythons
  7 endoplasms
  3 giant cockroaches (D:2)
  2 goblins
  8 hobgoblins
  3 jackals (D:3)
  5 quokkas
  8 bats
  3 frilled lizards
  11 kobolds
  26 rats
105 creatures vanquished.

Vanquished Creatures (others)
  3 fungi (D:2)
  10 plants (D:2)
13 creatures vanquished.

Grand Total: 118 creatures vanquished

Notes
Turn   | Place    | Note
-------+----------+-------------------------------------------
     0 | D:1      | Delamore the Octopode Brigand began the quest for the Orb.
     0 | D:1      | Reached XP level 1. HP: 14/14 MP: 1/1
   104 | D:1      | Found Baelor's Jewellery Shoppe.
   330 | D:1      | Reached XP level 2. HP: 19/19 MP: 2/2
   344 | D:1      | Found Nuhoiraasch's Distillery.
   406 | D:1      | Found Xyapsoz's Jewellery Shop.
   424 | D:1      | Reached skill level 6 in Stealth
   661 | D:1      | Reached XP level 3. HP: 21/24 MP: 3/3
  1136 | D:2      | Noticed Terence
  1155 | D:2      | Killed Terence
  1156 | D:2      | Reached skill level 7 in Stealth
  1156 | D:2      | Reached XP level 4. HP: 17/29 MP: 4/4
  1432 | D:2      | Noticed Natasha
  1439 | D:2      | Killed Natasha
  1444 | D:2      | Reached XP level 5. HP: 34/34 MP: 5/5
  1496 | D:2      | Noticed Natasha
  1505 | D:2      | Killed Natasha
  1627 | D:2      | Found a faded altar of an unknown god.
  1765 | D:2      | Noticed Natasha
  1793 | D:2      | Found a runed translucent door.
  1794 | D:2      | Noticed Crazy Yiuf
  1804 | D:2      | Killed Crazy Yiuf
  1885 | D:2      | Killed Natasha
  1886 | D:2      | Reached skill level 8 in Stealth
  2244 | D:3      | Noticed a necrophage
  2251 | D:3      | Killed a necrophage
  2252 | D:3      | Reached XP level 6. HP: 39/39 MP: 6/6
  2361 | D:3      | Found Okhuder's Armour Shoppe.
  3365 | D:4      | Found a transporter.
  3365 | D:4      | Noticed Ijustatesigmund's ghost (novice GrFi)
  3413 | D:4      | Found a transporter.
  3429 | D:4      | Reached skill level 5 in Short Blades
  3429 | D:4      | Reached skill level 9 in Stealth
  3742 | D:5      | Entered Level 5 of the Dungeon
  3766 | D:5      | Reached XP level 7. HP: 9/45 MP: 7/7
  4916 | D:5      | Identified the +2 ring mail "Torr" {Rampage Drain +Blink
                  | SInv}
  4933 | D:5      | Noticed Edmund
  4954 | D:5      | Slain by Edmund

Illustrated notes

Levels and vault maps discovered:
D:1:      dpeg_arrival_circle_labyrinth_a, layout_rooms, serial_shops, shop,
          nicolae_diamond_shop, shop
D:2:      layout_loops_ring, shapermc_ecumenical_altar_mp_ritualfount,
          uniq_natasha, uniq_terence, uniq_crazy_yiuf_cottage
D:3:      layout_basic, serial_shops, nicolae_square_shop, minmay_rat_hole
D:4:      layout_gridville, gammafunk_ghost_mausoleum,
          kennysheep_generic_room_12
D:5:      layout_loops_ring, uniq_edmund

Skill      XL: |  1  2  3  4  5  6 |
---------------+-------------------+-----
Stealth        | 6 7 8 9 |  9.6
Short Blades   | 3 4 5 |  5.8
Fighting       | |  2.0
Throwing       | |  2.0
Dodging        | |  1.0

Action                   |  1- 3 |  4- 6 |  7- 9 || total
-------------------------+-------+-------+-------++-------
Melee: Dagger            |    67 |   143 |    52 ||   262
       Tentacles         |    11 |    17 |    15 ||    43
       Constrict         |    16 |    29 |     8 ||    53
Throw: Dart              |     4 |     7 |     6 ||    17
  Use: Potion            |       |     2 |     1 ||     3
 Stab: Sleeping          |    10 |    13 |     1 ||    24
       Distracted        |     1 |       |       ||     1
Armor: Skin              |    17 |    39 |     7 ||    63
Dodge: Dodged            |    34 |    72 |    24 ||   130
